Map: Waterfall

Players

Penalbug - Winner!

  • Race: Zerg Zerg
  • League: Bronze
  • Spawn Location: 7:00

Blackout

  • Race: Protoss Protoss
  • League: Bronze
  • Spawn Location: 1:00

VOD

Have the link to the VOD?

Description

Time

  • Played on: Aug. 23, 2022, 1:13 p.m.
  • Length: 27:26
Show
View Real Time Build Order
Export as new Build Order

Penalbug Zerg - Winner!

Build Orders: Hatch First, Roach Hydra 

Get SALT Encoding   

  12  0:02  Drone  
  13  0:13  Overlord  
  13  0:19  Drone  
  14  0:35  Drone x2  
  16  0:53  Drone, Hatchery  
  17  0:57  Drone  
  17  1:00  Drone  
  18  1:10  Extractor  
  17  1:18  Spawning Pool  
  17  1:23  Drone  
  17  1:24  Drone  
  18  1:32  Drone  
  19  1:45  Overlord  
  19  1:59  Drone  
  20  2:05  Queen x2  
  20  2:06  Zergling x4  
  26  2:33  Drone, Hatchery  
  26  2:34  Drone x2  
  28  2:38  Overlord  
  28  2:42  Drone  
  29  2:52  Overlord  
  29  2:53  Drone x2  
  29  2:57  Drone  
  32  3:09  Drone x2  
  34  3:13  Queen  
  34  3:19  Roach Warren  
  33  3:37  Drone x8  
  41  3:42  Drone  
  41  3:44  Extractor, Lair  
  41  3:50  Extractor  
  40  3:56  Overlord  
  40  3:57  Overlord  
  40  4:02  Drone x2  
  42  4:03  Drone x3  
  42  4:04  Drone  
  42  4:05  Drone  
  47  4:10  Zergling x4  
  47  4:12  Zergling x2  
  51  4:17  Zergling x2  
  51  4:25  Zergling x2  
  51  4:26  Zergling x12  
  58  4:33  Overlord  
  58  4:34  Overlord  
  58  4:46  Glial Reconstitution  
  58  4:51  Drone  
  59  4:53  Evolution Chamber  
  59  4:54  Drone x3  
  59  4:57  Drone x2  
  59  4:58  Drone x5  
  59  4:59  Extractor, Drone  
  68  5:07  Overseer  
  68  5:11  Roach x4  
  68  5:13  Roach  
  78  5:17  Overlord  
  78  5:21  Zerg Missile Weapons Level 1  
  78  5:32  Overlord x2  
  78  5:40  Queen x2  
  82  5:45  Overlord  
  82  5:49  Queen  
  84  6:04  Drone x2  
  84  6:05  Drone x5  
  84  6:06  Drone x2  
  84  6:07  Drone  
  94  6:15  Hydralisk Den, Roach x5  
  94  6:16  Roach  
  105  6:23  Overlord  
  105  6:24  Overlord x2  
  105  7:06  Grooved Spines  
  105  7:10  Extractor  
  105  7:11  Hatchery  
  105  7:12  Metabolic Boost  
  103  7:16  Hydralisk, Zerg Ground Armor Level 1  
  103  7:17  Hydralisk x11  
  103  7:19  Zergling x6  
  130  7:23  Overlord x2  
  130  7:24  Overlord  
  130  7:42  Extractor  
  130  7:43  Drone x3  
  130  7:44  Drone x3  
  135  7:45  Extractor, Drone x2  
  135  7:47  Drone x8  
  144  8:10  Drone  
  144  8:11  Drone  
  146  8:15  Overlord x2  
  146  8:16  Hydralisk x4  
  146  8:17  Muscular Augments  
  146  8:18  Overlord  
  146  8:19  Overlord x6  
  154  8:23  Hatchery  
  153  8:37  Evolution Chamber  
  152  8:42  Roach  
  152  8:43  Roach x7  
  152  8:45  Hydralisk  
  152  8:46  Hydralisk x4  
  152  8:47  Hydralisk  
  180  8:49  Hydralisk  
  180  8:51  Hydralisk  
  180  8:53  Hydralisk  
  180  8:55  Hydralisk  
  188  9:12  Queen  
  190  9:18  Ravager  
  190  9:23  Zergling x12  
  190  9:24  Zergling x6  
  200  9:36  Infestation Pit  
  199  9:40  Lurker Den  
  199  9:45  Zerg Missile Weapons Level 2, Zerg Ground Armor Level 2  
  148  10:25  Zergling x2  
  148  10:26  Zergling x40  
  148  10:27  Zergling x16  
  127  10:51  Hive  
  106  11:08  Hatchery  
  94  11:17  Drone x10  
  104  11:24  Drone x2  
  106  11:26  Drone  
  106  11:27  Drone x2  
  106  11:28  Extractor  
  108  11:54  Drone x8  
  108  11:55  Drone x6  
  108  11:56  Drone x3  
  108  11:57  Hydralisk  
  108  11:58  Hydralisk x6  
  139  12:01  Zerg Melee Weapons Level 1  
  139  12:02  Hydralisk  
  141  12:27  Hatchery  
  140  12:34  Adaptive Talons  
  140  12:35  Adrenal Glands  
  140  12:39  Zerg Ground Armor Level 3, Hydralisk  
  140  12:40  Hydralisk x3  
  140  12:42  Hydralisk x2, Roach  
  140  12:43  Zergling x10  
  140  12:44  Zergling x18  
  168  13:15  Zergling x2  
  168  13:16  Zergling x40  
  189  13:28  Baneling Nest  
  189  13:31  Seismic Spines  
  188  13:45  Drone x2  
  188  13:46  Drone x7  
  188  13:47  Drone x3  
  156  14:40  Roach  
  156  14:41  Roach x15  
  156  14:43  Hydralisk  
  156  14:44  Hydralisk x12  
  182  14:59  Hydralisk x5  
  184  15:00  Hydralisk x4  
  170  15:17  Ultralisk Cavern  
  170  15:19  Hydralisk  
  170  15:20  Hydralisk x12  
  158  15:34  Lurker x3  
  147  15:44  Pneumatized Carapace  
  147  15:45  Hydralisk  
  147  15:46  Hydralisk x7  
  161  15:57  Drone x4  
  165  16:05  Hatchery  
  165  16:08  Ultralisk x2  
  165  16:09  Ultralisk x2  
  188  16:12  Hydralisk  
  188  16:15  Hatchery  
  189  16:28  Hydralisk  
  189  16:29  Hydralisk x4  
  189  16:31  Zergling x2  
  200  16:41  Extractor  
  200  16:44  Hatchery  
  200  16:45  Extractor  
  197  16:47  Unknown  
  196  16:55  Zergling x6  
  196  16:56  Zergling x2  
  200  17:04  Chitinous Plating  
  200  17:07  Zerg Melee Weapons Level 2  
  200  17:08  Zerg Missile Weapons Level 3  
  200  17:09  Centrifugal Hooks  
  200  17:41  Hatchery  
  199  17:48  Overseer x3  
  199  18:18  Zergling x2  
  199  18:23  Anabolic Synthesis  
  151  19:30  Hydralisk x6  
  151  19:31  Hydralisk x27  
  146  19:35  Burrow  
  146  19:38  Ultralisk  
  198  19:39  Ultralisk  
  184  20:01  Lurker  
  184  20:02  Lurker x8  
  173  20:16  Hydralisk x13  
  164  20:30  Hydralisk  
  164  20:31  Hydralisk x18  
  164  20:32  Hydralisk x3  
  183  20:46  Hydralisk  
  183  20:47  Zergling x2  
  183  20:48  Zergling x28  
  200  21:36  Hatchery  
  199  21:47  Zergling x2  
  119  22:33  Viper x3  
  128  22:38  Zergling x2  
  128  22:39  Zergling x36  
  128  22:40  Zergling x16  
  155  23:16  Extractor  
  154  23:20  Extractor, Hatchery  
  164  23:27  Ultralisk x3  
  164  23:30  Unknown  
  164  23:32  Hatchery  
  164  23:33  Zerg Melee Weapons Level 3  
  153  23:49  Hydralisk x5  
  153  23:50  Hydralisk x3  
  153  23:51  Zergling x2  
  153  23:52  Zergling x48  
  137  26:39  Zergling x26  
  137  26:40  Zergling x38  
  137  26:44  Zergling x16  
  137  26:45  Zergling x42  
Show
View Real Time Build Order
Export as new Build Order

Blackout Protoss 

Build Orders:  

Get SALT Encoding   

  12  0:01  Probe (Chrono Boost)  
  13  0:11  Probe (Chrono Boost)  
  14  0:16  Probe  
  15  0:25  Pylon  
  15  0:45  Gateway  
  15  0:47  Probe  
  16  0:59  Probe  
  18  1:11  Probe  
  18  1:13  Assimilator  
  18  1:19  Pylon  
  18  1:23  Probe  
  19  1:33  Cybernetics Core  
  19  1:35  Probe  
  20  1:43  Gateway  
  20  1:49  Gateway  
  20  1:53  Assimilator, Probe  
  21  2:04  Warp Gate (Chrono Boost)  
  21  2:05  Probe  
  22  2:17  Probe  
  22  2:18  Stalker  
  25  2:34  Nexus  
  25  2:42  Pylon  
  25  2:52  Forge  
  25  3:39  Twilight Council  
  25  3:43  Stalker x3  
  25  3:47  Probe (Chrono Boost)  
  33  3:56  Probe (Chrono Boost)  
  33  4:01  Probe (Chrono Boost)  
  33  4:07  Photon Cannon  
  34  4:13  Probe  
  35  4:20  Charge (Chrono Boost)  
  35  4:25  Probe  
  35  4:27  Pylon  
  36  4:32  Templar Archives  
  36  4:37  Probe  
  37  4:48  Zealot  
  37  4:49  Zealot x2, Probe  
  44  5:01  Probe  
  45  5:11  Stalker x3  
  45  5:14  Psionic Storm, Probe (Chrono Boost)  
  52  5:25  Probe (Chrono Boost)  
  53  5:30  Pylon, Probe (Chrono Boost)  
  54  5:40  Probe  
  55  5:52  Probe  
  56  6:00  Gateway  
  56  6:01  Gateway  
  56  6:02  Gateway  
  56  6:04  Probe (Chrono Boost)  
  56  6:05  Gateway  
  56  6:10  Protoss Ground Weapons Level 1 (Chrono Boost)  
  57  6:14  Probe (Chrono Boost)  
  58  6:19  Probe (Chrono Boost)  
  58  6:23  Assimilator  
  59  6:30  Probe  
  60  6:42  Probe  
  60  6:43  High Templar x2  
  65  6:48  Assimilator  
  65  7:06  Zealot x2  
  69  7:13  Pylon  
  69  7:16  Pylon  
  69  7:38  Nexus  
  69  7:40  Pylon  
  69  7:42  Pylon  
  69  7:44  Pylon  
  69  7:45  High Templar x4  
  69  7:51  Zealot x3  
  83  8:14  Photon Cannon  
  83  8:16  Photon Cannon  
  83  8:17  Photon Cannon  
  83  8:20  Photon Cannon  
  83  8:22  Photon Cannon  
  83  8:24  Photon Cannon  
  83  8:26  Photon Cannon  
  83  8:27  Protoss Ground Weapons Level 2 (Chrono Boost)  
  83  8:28  Photon Cannon  
  83  8:31  Shield Battery  
  83  8:32  Shield Battery  
  83  8:35  Shield Battery  
  83  8:37  Shield Battery  
  83  8:45  Zealot x5  
  93  8:53  Zealot x2  
  97  9:12  Archon  
  97  9:16  Stalker x2  
  97  9:17  Stalker x3  
  103  9:21  Probe (Chrono Boost)  
  108  9:30  Probe (Chrono Boost)  
  109  9:35  Probe (Chrono Boost)  
  110  9:47  Probe  
  111  9:59  Probe  
  86  10:22  Zealot x6  
  86  10:23  Zealot  
  80  10:48  Zealot  
  80  10:49  Zealot x6  
  73  11:19  High Templar x4  
  73  11:20  High Templar x3  
  73  11:24  Archon x2  
  87  11:30  Probe (Chrono Boost)  
  89  11:40  Gateway, Probe (Chrono Boost)  
  89  11:44  Gateway  
  89  11:45  Probe (Chrono Boost)  
  89  11:46  Gateway  
  90  11:53  Stalker x2  
  90  11:54  Stalker x5  
  98  11:56  Probe (Chrono Boost)  
  105  12:08  Probe (Chrono Boost)  
  106  12:13  Probe (Chrono Boost)  
  107  12:23  Probe  
  108  12:33  Pylon  
  108  12:34  Robotics Facility  
  108  12:35  Robotics Facility, Protoss Ground Weapons Level 3 (Chrono Boost), Probe  
  109  12:47  Pylon  
  109  12:50  Pylon  
  109  12:53  Pylon  
  109  12:56  Assimilator, Probe  
  110  13:02  Zealot x7  
  124  13:08  Zealot x3, Probe (Chrono Boost)  
  131  13:20  Probe (Chrono Boost)  
  132  13:29  Probe (Chrono Boost)  
  133  13:34  Probe  
  133  13:35  Nexus  
  133  13:36  Immortal  
  133  13:37  Immortal  
  133  13:39  Pylon  
  133  13:40  Pylon  
  142  13:41  Pylon  
  142  13:43  Pylon  
  142  13:44  Pylon  
  142  13:45  Pylon  
  142  13:48  High Templar x3  
  148  13:59  High Templar x4  
  148  14:00  High Templar x2  
  148  14:01  High Templar  
  162  14:04  Archon x2  
  83  15:53  Zealot x5  
  83  15:54  Zealot x5  
  83  15:57  Immortal x2  
  111  16:10  Nexus  
  111  16:13  Assimilator  
  111  16:23  High Templar x4  
  111  16:24  High Templar x2  
  111  16:25  Stalker x2  
  125  16:26  Stalker x2  
  131  16:35  Pylon  
  131  16:36  Archon  
  131  16:37  Pylon, Archon  
  131  16:39  Pylon  
  135  16:40  Immortal x2  
  135  16:43  Protoss Ground Armor Level 1 (Chrono Boost)  
  139  16:58  Zealot x4  
  139  16:59  Zealot x6  
  159  17:07  Photon Cannon  
  159  17:09  Photon Cannon  
  159  17:12  Photon Cannon  
  159  17:13  Shield Battery  
  159  17:15  Shield Battery  
  159  17:27  Zealot x4  
  159  17:28  Stalker, Zealot  
  159  17:29  Stalker x4  
  179  17:36  Nexus  
  179  17:52  Pylon  
  179  17:55  Pylon  
  179  17:58  Pylon  
  179  18:00  Pylon  
  179  18:06  Assimilator  
  179  18:11  Assimilator  
  179  18:12  Probe  
  180  18:20  Observer  
  180  18:21  Immortal  
  180  18:24  Probe  
  180  18:25  Zealot x2  
  180  18:26  Zealot x5  
  200  18:38  Gateway  
  200  18:39  Gateway  
  200  18:40  Gateway  
  200  18:52  Gateway  
  200  18:55  Gateway  
  200  18:59  Photon Cannon  
  200  19:00  Photon Cannon  
  200  19:04  Photon Cannon  
  200  19:05  Photon Cannon  
  200  19:11  Photon Cannon  
  134  19:41  Zealot  
  134  19:42  Zealot x7  
  134  19:43  Zealot x5  
  149  19:46  Immortal  
  83  20:44  Zealot x6  
  83  20:45  Zealot x3  
  83  20:46  Stalker x2  
  83  20:47  Stalker x4  
  83  20:49  Observer x2  
  97  21:13  High Templar x2  
  97  21:14  High Templar x3  
  97  21:16  High Templar x6  
  97  21:17  High Templar x4  
  127  21:25  Immortal x2 (Chrono Boost)  
  130  21:42  Archon  
  130  21:43  Archon x3  
  130  21:45  Archon  
  129  22:00  Zealot x2  
  129  22:01  Zealot x6  
  80  22:45  Nexus  
Tags
 
Composition
Roach Hydra
Matchup
PvZ
Spawn Locations
Cross Positions
Add a new tag
Caveats
  • Supply blocks, unpowered buildings, or Contaminate may cause inaccurate times.
  • Supply counts are checked every 10 seconds.